Flames vs Kings

Created - 8 février 2022 at 16:09

Goals
1 2 3 T
Flames 0 1 0 1
Kings 3 2 1 6
Shots
1 2 3 T
Flames 13 9 6 28
Kings 14 8 14 36

GoalsPenalties
1st period
1. Kings , William Karlsson 22 (Zdeno Chara 24) at 4:09
2. Kings , Brock Boeser 24 (William Karlsson 32, Zach Werenski 33) at 5:49
3. Kings , Yanni Gourde 13 (Zdeno Chara 25, Tanner Pearson 23) at 6:00
Yanni Gourde (LOS) for Interference (Minor) at 2:17
Jake McCabe (CAL) for Hooking (Minor) at 2:17
Zdeno Chara (LOS) for Fighting (Major) at 6:58
Jake McCabe (CAL) for Fighting (Major) at 6:58
Mike Matheson (CAL) for Roughing (Minor) at 7:13
Scott Mayfield (LOS) for Hooking (Minor) at 16:19
Rasmus Andersson (CAL) for Hooking (Minor) at 19:28
2nd period
4. Kings , David Kampf 4 (Brock McGinn 8, Ryan Carpenter 7) at 2:03
5. Kings , Kyle Connor 19 (William Karlsson 33, Scott Mayfield 21) at 8:55
6. Flames , Elias Lindholm 20 (Ryan Nugent-Hopkins 21, Anze Kopitar 24) at 13:44 (PP)
Tanner Pearson (LOS) for Tripping (Minor) at 9:03
Derek Forbort (LOS) for Tripping (Minor) at 13:28
Paul Stastny (CAL) for Holding (Minor) at 16:27
3rd period
7. Kings , Johnny Gaudreau 13 (Yanni Gourde 18) at 0:42
Scott Mayfield (LOS) for Hooking (Minor) at 0:58
Brock McGinn (LOS) for Tripping (Minor) at 4:47
Zdeno Chara (LOS) for Fighting (Major) at 7:12
Mikael Backlund (CAL) for Fighting (Major) at 7:12
Christopher Tanev (CAL) for Hooking (Minor) at 12:28
Goalie Stats
Corey Crawford (CAL), 18 saves from 20 shots - (0,900), 37:57 minutes
Mackenzie Blackwood (CAL), 12 saves from 16 shots - (0,750), L, 24-12-3, 22:03 minutes
Jordan Binnington (LOS), 27 saves from 28 shots - (0,964), W, 27-10-5, 60:00 minutes
3 StarsOfficial
1 - William Karlsson (LOS)
2 - Kyle Connor (LOS)
3 - Yanni Gourde (LOS)
Referees : Tim Peel and Dennis LaRue
Linesman : Trent Knorr and Ryan Gibbons
Game Note
Jake McCabe beats up Zdeno Chara at 6:58 of 1st period
Corey Crawford enters game at 2:03 of 2nd period
Zdeno Chara beats up Mikael Backlund at 7:12 of 3rd period



Team Name Goals Shots Shots Attemp Shots Blocked PIM HIT PP PK FO%
Flames 12853620261 / 5 (20%)045%
Kings 63677522220 / 4 (0%)155%

Flames
Player Name POS G A P +/- PIM HIT SHT SB MP PP MP PP SHT PK MP PK SHT FO% FOT
Andrew MangiapaneLW/RW000-100105:460:0000:0100% 0
Anze KopitarC0110005017:564:3032:26046% 24
Ben ChiarotD000-1030018:080:0001:4300% 0
Cam AtkinsonLW/RW000-3001017:013:4211:0600% 0
Christopher TanevD000-2210022:110:1204:1500% 0
Elias LindholmC/RW101-1034018:104:3020:00044% 16
Jake McCabeD000-1730218:564:1604:0500% 0
Mark StoneRW000-1010019:010:0004:23025% 4
Matt CalvertLW/RW000-103008:110:0002:2600% 1
Matthew TkachukLW/RW0000025114:443:4430:0000% 1
Max PaciorettyLW000-4030017:093:4200:00067% 3
Mikael BacklundC/RW000-4521016:113:4210:01052% 27
Mike MathesonD000-2202218:524:1611:0200% 0
Nick BoninoC000-1000011:140:0005:29038% 16
Noah HanifinD000-3011117:580:0002:2800% 0
Paul StastnyC/LW0000202010:590:0000:000100% 1
Rasmus AnderssonD000-3243020:063:5622:1900% 0
Ryan Nugent-HopkinsC/LW011-1003017:254:3010:0000% 1
Kings
Player Name POS G A P +/- PIM HIT SHT SB MP PP MP PP SHT PK MP PK SHT FO% FOT
Andy GreeneD0001001117:230:5204:1700% 0
Brock BoeserRW1012013018:463:3300:0000% 1
Brock McGinnLW/RW011120008:460:0003:1900% 0
Corey PerryLW/RW000002108:330:5700:1800% 0
David KampfC/LW/RW101100109:100:0003:420100% 3
Derek ForbortD0001222115:070:0003:3900% 0
Johnny GaudreauLW/RW1012004019:183:2620:000100% 1
Kyle ConnorLW1013026019:374:2320:0000% 2
Pierre-Edouard BellemareC0000000011:420:0004:24050% 8
Ryan CarpenterC/RW011102006:210:0000:5300% 0
Scott MayfieldD0113413019:572:2002:1100% 0
Shea WeberD0001021223:374:4810:0000% 0
Tanner PearsonLW/RW0112243018:253:3300:0000% 0
Teddy BluegerC/LW0000003010:513:3300:00067% 15
William KarlssonC1233033123:254:2313:48056% 34
Yanni GourdeC/LW/RW1122231014:520:0000:00050% 30
Zach WerenskiD0112003025:145:0222:2600% 0
Zdeno CharaD02241001018:372:5003:5100% 0

Flames

5 vs 5 Forward
Line #Left WingCenterRight WingPHYDFOFWanted %Time %Time Play
1Ryan Nugent-HopkinsElias LindholmMark Stone1222831%12:55
2Paul StastnyAnze KopitarMatthew Tkachuk1222826%11:00
3Max PaciorettyMikael BacklundCam Atkinson1222829%12:13
4Matt CalvertNick BoninoAndrew Mangiapane1221614%5:45
5 vs 5 Defense
Line #DefenseDefensePHYDFOFWanted %Time %Time Play
1Ben ChiarotChristopher Tanev1223535%14:48
2Noah HanifinRasmus Andersson1223533%13:40
3Mike MathesonJake McCabe1223028%11:48
4Ben ChiarotJake McCabe12204%1:37
Power Play Forward
Line #Left WingCenterRight WingPHYDFOFWanted %Time %Time Play
1Ryan Nugent-HopkinsAnze KopitarElias Lindholm1225055%4:30
2Max PaciorettyMikael BacklundCam Atkinson1225045%3:42
Power Play Defense
Line #DefenseDefensePHYDFOFWanted %Time %Time Play
1Matthew TkachukRasmus Andersson1225048%3:56
2Mike MathesonJake McCabe1225052%4:16
Penalty Kill 4 Players Forward
Line #CenterWingPHYDFOFWanted %Time %Time Play
1Nick BoninoMark Stone1316069%5:30
2Anze KopitarMatt Calvert1314031%2:26
Penalty Kill 4 Players Defense
Line #DefenseDefensePHYDFOFWanted %Time %Time Play
1Jake McCabeChristopher Tanev1316069%5:28
2Ben ChiarotNoah Hanifin1314031%2:28
Penalty Kill 3 Players
Line #WingPHYDFOFWanted %Time %Time PlayDefenseDefensePHYDFOFWanted %Time %Time Play
1Nick Bonino140500%0:00 Jake McCabeChristopher Tanev140500%0:00
2Elias Lindholm140500%0:00 Noah HanifinBen Chiarot140500%0:00
4 vs 4 Forward
Line #CenterWingPHYDFOFWanted %Time %Time Play
1Elias LindholmMark Stone1225038%0:45
2Mikael BacklundMax Pacioretty1225062%1:14
4 vs 4 Defense
Line #DefensePHYDFOFWanted %Time %Time Play
1Noah HanifinRasmus Andersson1225038%50% - 0:45
2Mike MathesonChristopher Tanev1225062%50% - 1:14
Last Minutes Offensive
Left WingCenterRight WingDefenseDefense
Ryan Nugent-HopkinsElias LindholmMark StoneMike MathesonChristopher Tanev
Last Minutes Defensive
Left WingCenterRight WingDefenseDefense
Elias LindholmAnze KopitarMark StoneJake McCabeChristopher Tanev
Time
Total ForwardTotal DefenseLast Minutes OffensiveLast Minutes Defensive
60:00 60:00 0:000:00
Extra Forwards
Normal PowerPlayPenalty Kill
Mark Stone, Max Pacioretty, Elias LindholmMikael Backlund, Elias LindholmCam Atkinson
Extra Defensemen
Normal PowerPlayPenalty Kill
Christopher Tanev, Mike Matheson, Noah HanifinChristopher Tanev, Mike MathesonRasmus Andersson
Penalty Shots
Anze Kopitar, Ryan Nugent-Hopkins, Max Pacioretty, Elias Lindholm, Mark Stone
Goalie
Mackenzie Blackwood, Corey Crawford
Custom OT Lines Forwards
Elias Lindholm, Mark Stone, Ryan Nugent-Hopkins, Anze Kopitar, Matthew Tkachuk, Max Pacioretty, Mikael Backlund, Cam Atkinson, Nick Bonino, Paul Stastny
Custom OT Lines Defensemen
Christopher Tanev, Mike Matheson, Noah Hanifin, Jake McCabe, Ben Chiarot
Scratches
Erik Gudbranson (Healthy), Casey DeSmith (Healthy)

Kings

5 vs 5 Forward
Line #Left WingCenterRight WingPHYDFOFWanted %Time %Time Play
1Kyle ConnorWilliam KarlssonBrock Boeser0233934%14:14
2Johnny GaudreauYanni GourdeTanner Pearson0233736%14:53
3Pierre-Edouard BellemareTeddy BluegerCorey Perry1221417%7:18
4Brock McGinnDavid KampfRyan Carpenter2211013%5:28
5 vs 5 Defense
Line #DefenseDefensePHYDFOFWanted %Time %Time Play
1Zach WerenskiShea Weber1224338%15:55
2Scott MayfieldZdeno Chara1313635%14:29
3Derek ForbortAndy Greene1402127%11:29
4Zach WerenskiShea Weber04100%0:00
Power Play Forward
Line #Left WingCenterRight WingPHYDFOFWanted %Time %Time Play
1Johnny GaudreauWilliam KarlssonKyle Connor0145055%4:23
2Tanner PearsonTeddy BluegerBrock Boeser0145045%3:33
Power Play Defense
Line #DefenseDefensePHYDFOFWanted %Time %Time Play
1Zach WerenskiZdeno Chara0235571%5:36
2Shea WeberScott Mayfield0234529%2:20
Penalty Kill 4 Players Forward
Line #CenterWingPHYDFOFWanted %Time %Time Play
1William KarlssonDavid Kampf1405045%3:42
2Pierre-Edouard BellemareBrock McGinn1405055%4:30
Penalty Kill 4 Players Defense
Line #DefenseDefensePHYDFOFWanted %Time %Time Play
1Derek ForbortZdeno Chara1405047%3:51
2Andy GreeneScott Mayfield1405053%4:21
Penalty Kill 3 Players
Line #WingPHYDFOFWanted %Time %Time PlayDefenseDefensePHYDFOFWanted %Time %Time Play
1Pierre-Edouard Bellemare050500%0:00 Scott MayfieldShea Weber140500%0:00
2David Kampf050500%0:00 Derek ForbortAndy Greene140500%0:00
4 vs 4 Forward
Line #CenterWingPHYDFOFWanted %Time %Time Play
1William KarlssonKyle Connor0235550%1:00
2Brock BoeserJohnny Gaudreau0234550%0:59
4 vs 4 Defense
Line #DefensePHYDFOFWanted %Time %Time Play
1Zach WerenskiZdeno Chara0325050%50% - 1:00
2Scott MayfieldShea Weber0325050%50% - 0:59
Last Minutes Offensive
Left WingCenterRight WingDefenseDefense
Johnny GaudreauWilliam KarlssonKyle ConnorBrock BoeserZach Werenski
Last Minutes Defensive
Left WingCenterRight WingDefenseDefense
Brock McGinnPierre-Edouard BellemareTeddy BluegerScott MayfieldShea Weber
Time
Total ForwardTotal DefenseLast Minutes OffensiveLast Minutes Defensive
60:00 60:00 0:000:00
Extra Forwards
Normal PowerPlayPenalty Kill
Johnny Gaudreau, Brock Boeser, Kyle ConnorYanni Gourde, Corey PerryRyan Carpenter
Extra Defensemen
Normal PowerPlayPenalty Kill
Zach Werenski, Shea Weber, Scott MayfieldZdeno Chara, Zach WerenskiZdeno Chara
Penalty Shots
William Karlsson, Johnny Gaudreau, Kyle Connor, Brock Boeser, Zach Werenski
Goalie
Jordan Binnington, Michael Hutchinson
Custom OT Lines Forwards
William Karlsson, Kyle Connor, Johnny Gaudreau, Brock Boeser, Tanner Pearson, Teddy Blueger, Yanni Gourde, Pierre-Edouard Bellemare, Corey Perry, Ryan Carpenter
Custom OT Lines Defensemen
Zach Werenski, Shea Weber, Scott Mayfield, Zdeno Chara, Derek Forbort
Scratches
Niko Mikkola (Healthy), Jarred Tinordi (Healthy), Dylan McIlrath (Healthy)


Play-by-Play

1st period


0:01 of 1st period - Elias Lindholm wins face-off versus William Karlsson in neutral zone.
0:01 of 1st period - Ryan Nugent-Hopkins is hit by Shea Weber and loses puck.
0:52 of 1st period - Ryan Nugent-Hopkins is hit by Kyle Connor and loses puck.
1:14 of 1st period - Shot by Tanner Pearson.
1:14 of 1st period - Stopped by Mackenzie Blackwood without a rebound.
1:15 of 1st period - Anze Kopitar wins face-off versus Teddy Blueger in Flames zone.
1:24 of 1st period - Shot by Matthew Tkachuk.
1:24 of 1st period - Shot Misses the Net.
1:40 of 1st period - Shot by Pierre-Edouard Bellemare.
1:40 of 1st period - Shot Misses the Net.
1:42 of 1st period - Shot by Derek Forbort.
1:42 of 1st period - Stopped by Mackenzie Blackwood without a rebound.
1:43 of 1st period - Yanni Gourde wins face-off versus Mikael Backlund in Flames zone.
1:49 of 1st period - Icing by Mike Matheson.
1:50 of 1st period - Mikael Backlund wins face-off versus Yanni Gourde in Flames zone.
1:50 of 1st period - Mikael Backlund is hit by Yanni Gourde.
2:10 of 1st period - Shot by Yanni Gourde.
2:10 of 1st period - Deflect By Tanner Pearson.
2:10 of 1st period - Shot Blocked by Mike Matheson.
2:12 of 1st period - Shot by Yanni Gourde.
2:12 of 1st period - Shot Misses the Net.
2:14 of 1st period - Shot by Scott Mayfield.
2:14 of 1st period - Stopped by Mackenzie Blackwood with a rebound.
2:17 of 1st period - Minor Penalty to Yanni Gourde for Interference.
2:17 of 1st period - Minor Penalty to Jake McCabe for Hooking.
2:18 of 1st period - Elias Lindholm wins face-off versus William Karlsson in Flames zone.
2:25 of 1st period - Noah Hanifin is hit by Kyle Connor.
2:55 of 1st period - Shot by Kyle Connor.
2:55 of 1st period - Stopped by Mackenzie Blackwood without a rebound.
2:56 of 1st period - Mikael Backlund wins face-off versus Brock Boeser in Flames zone.
2:56 of 1st period - Mikael Backlund is hit by Shea Weber.
3:12 of 1st period - Icing by Scott Mayfield.
3:13 of 1st period - Johnny Gaudreau wins face-off versus Mikael Backlund in Kings zone.
3:32 of 1st period - Shot by Brock Boeser.
3:32 of 1st period - Shot Misses the Net.
3:54 of 1st period - Icing by Mike Matheson.
3:55 of 1st period - Max Pacioretty wins face-off versus William Karlsson in Flames zone.
4:09 of 1st period - Shot by William Karlsson.
4:09 of 1st period - Goal by William Karlsson - Flames : 0 - Kings : 1.
4:10 of 1st period - William Karlsson wins face-off versus Elias Lindholm in neutral zone.
4:12 of 1st period - Zach Werenski is hit by Rasmus Andersson.
4:14 of 1st period - Shot by Kyle Connor.
4:14 of 1st period - Shot Misses the Net.
4:25 of 1st period - David Kampf is hit by Ben Chiarot and loses puck.
4:43 of 1st period - Matthew Tkachuk is hit by Derek Forbort and loses puck.
5:49 of 1st period - Shot by Brock Boeser.
5:49 of 1st period - Goal by Brock Boeser - Flames : 0 - Kings : 2.
5:50 of 1st period - Yanni Gourde wins face-off versus Mikael Backlund in neutral zone.
6:00 of 1st period - Shot by Yanni Gourde.
6:00 of 1st period - Goal by Yanni Gourde - Flames : 0 - Kings : 3.
6:01 of 1st period - Teddy Blueger wins face-off versus Elias Lindholm in neutral zone.
6:07 of 1st period - Off-side.
6:08 of 1st period - Mikael Backlund wins face-off versus Yanni Gourde in neutral zone.
6:08 of 1st period - Cam Atkinson is hit by Yanni Gourde and loses puck.
6:41 of 1st period - Scott Mayfield is hit by Mikael Backlund and loses puck.
6:57 of 1st period - Icing by Zdeno Chara.
6:58 of 1st period - Nick Bonino wins face-off versus Yanni Gourde in Kings zone.
6:58 of 1st period - Jake McCabe beats up Zdeno Chara.
6:58 of 1st period - Penalty to Zdeno Chara for Fighting.
6:58 of 1st period - Penalty to Jake McCabe for Fighting.
6:59 of 1st period - William Karlsson wins face-off versus Nick Bonino in Kings zone.
7:13 of 1st period - Minor Penalty to Mike Matheson for Roughing.
7:14 of 1st period - Teddy Blueger wins face-off versus Nick Bonino in Flames zone.
7:17 of 1st period - Shot by Shea Weber.
7:17 of 1st period - Shot Misses the Net.
7:33 of 1st period - Shot by Shea Weber.
7:33 of 1st period - Stopped by Mackenzie Blackwood without a rebound.
7:34 of 1st period - William Karlsson wins face-off versus Nick Bonino in Flames zone.
7:47 of 1st period - Shot by Kyle Connor.
7:47 of 1st period - Stopped by Mackenzie Blackwood without a rebound.
7:48 of 1st period - Teddy Blueger wins face-off versus Nick Bonino in Flames zone.
8:09 of 1st period - Shot by Zach Werenski.
8:09 of 1st period - Stopped by Mackenzie Blackwood with a rebound.
8:22 of 1st period - Off-side.
8:23 of 1st period - William Karlsson wins face-off versus Nick Bonino in neutral zone.
8:32 of 1st period - Shot by Johnny Gaudreau.
8:32 of 1st period - Stopped by Mackenzie Blackwood without a rebound.
8:33 of 1st period - Anze Kopitar wins face-off versus Kyle Connor in Flames zone.
8:54 of 1st period - Shot by William Karlsson.
8:54 of 1st period - Stopped by Mackenzie Blackwood without a rebound.
8:55 of 1st period - Teddy Blueger wins face-off versus Nick Bonino in Flames zone.
9:00 of 1st period - Shot by Brock Boeser.
9:00 of 1st period - Shot Misses the Net.
10:00 of 1st period - Brock McGinn is hit by Max Pacioretty and loses puck.
10:23 of 1st period - Shot by Ryan Nugent-Hopkins.
10:23 of 1st period - Shot Hit the Post.
10:29 of 1st period - Shot by Ryan Nugent-Hopkins.
10:29 of 1st period - Deflect By Elias Lindholm.
10:29 of 1st period - Stopped by Jordan Binnington without a rebound.
10:30 of 1st period - Anze Kopitar wins face-off versus Yanni Gourde in Kings zone.
10:30 of 1st period - Christopher Tanev is hit by Derek Forbort.
10:46 of 1st period - Johnny Gaudreau is hit by Matthew Tkachuk and loses puck.
10:51 of 1st period - Shot by Matthew Tkachuk.
10:51 of 1st period - Deflect By Anze Kopitar.
10:51 of 1st period - Stopped by Jordan Binnington without a rebound.
10:52 of 1st period - William Karlsson wins face-off versus Elias Lindholm in Kings zone.
11:12 of 1st period - Off-side.
11:13 of 1st period - Anze Kopitar wins face-off versus Yanni Gourde in neutral zone.
11:16 of 1st period - Shot by Noah Hanifin.
11:16 of 1st period - Shot Blocked by Andy Greene.
11:18 of 1st period - Shot by Rasmus Andersson.
11:18 of 1st period - Stopped by Jordan Binnington without a rebound.
11:19 of 1st period - Elias Lindholm wins face-off versus Yanni Gourde in Kings zone.
12:28 of 1st period - Icing by Zach Werenski.
12:29 of 1st period - Paul Stastny wins face-off versus William Karlsson in Kings zone.
12:39 of 1st period - Shot by Rasmus Andersson.
12:39 of 1st period - Shot Misses the Net.
12:41 of 1st period - Shot by Matthew Tkachuk.
12:41 of 1st period - Stopped by Jordan Binnington without a rebound.
12:42 of 1st period - Nick Bonino wins face-off versus Teddy Blueger in Kings zone.
12:42 of 1st period - Rasmus Andersson is hit by Scott Mayfield and loses puck.
12:56 of 1st period - Shot by Corey Perry.
12:56 of 1st period - Stopped by Mackenzie Blackwood without a rebound.
12:57 of 1st period - William Karlsson wins face-off versus Anze Kopitar in Flames zone.
13:06 of 1st period - Shot by Matthew Tkachuk.
13:06 of 1st period - Stopped by Jordan Binnington without a rebound.
13:07 of 1st period - Yanni Gourde wins face-off versus Nick Bonino in Kings zone.
13:07 of 1st period - Yanni Gourde is hit by Matt Calvert.
13:10 of 1st period - Zach Werenski is hit by Matt Calvert and loses puck.
13:14 of 1st period - Johnny Gaudreau is hit by Rasmus Andersson and loses puck.
13:19 of 1st period - Shot by Tanner Pearson.
13:19 of 1st period - Shot Blocked by Noah Hanifin.
13:32 of 1st period - Yanni Gourde is hit by Rasmus Andersson and loses puck.
13:38 of 1st period - Johnny Gaudreau is hit by Noah Hanifin and loses puck.
13:51 of 1st period - Shot by Yanni Gourde.
13:51 of 1st period - Shot Misses the Net.
14:02 of 1st period - Off-side.
14:03 of 1st period - William Karlsson wins face-off versus Anze Kopitar in neutral zone.
14:12 of 1st period - Shot by Anze Kopitar.
14:12 of 1st period - Stopped by Jordan Binnington without a rebound.
14:13 of 1st period - Mikael Backlund wins face-off versus William Karlsson in Kings zone.
14:14 of 1st period - Shot by Max Pacioretty.
14:14 of 1st period - Shot Misses the Net.
14:37 of 1st period - Off-side.
14:38 of 1st period - Teddy Blueger wins face-off versus Anze Kopitar in neutral zone.
15:12 of 1st period - Shot by Paul Stastny.
15:12 of 1st period - Shot Misses the Net.
15:44 of 1st period - Shot by Kyle Connor.
15:44 of 1st period - Deflect By Brock Boeser.
15:44 of 1st period - Shot Misses the Net.
16:10 of 1st period - Shot by Brock Boeser.
16:10 of 1st period - Shot Misses the Net.
16:19 of 1st period - Minor Penalty to Scott Mayfield for Hooking.
16:20 of 1st period - Mikael Backlund wins face-off versus Pierre-Edouard Bellemare in Kings zone.
16:31 of 1st period - Shot by Cam Atkinson.
16:31 of 1st period - Stopped by Jordan Binnington without a rebound.
16:32 of 1st period - David Kampf wins face-off versus Mikael Backlund in Kings zone.
16:40 of 1st period - Icing by Mikael Backlund.
16:41 of 1st period - Mikael Backlund wins face-off versus Pierre-Edouard Bellemare in Flames zone.
16:46 of 1st period - Andy Greene is hit by Mikael Backlund and loses puck.
17:09 of 1st period - Shot by Matthew Tkachuk.
17:09 of 1st period - Stopped by Jordan Binnington with a rebound.
17:11 of 1st period - Shot by Mikael Backlund.
17:11 of 1st period - Stopped by Jordan Binnington without a rebound.
17:12 of 1st period - Elias Lindholm wins face-off versus William Karlsson in Kings zone.
17:19 of 1st period - Shot by Anze Kopitar.
17:19 of 1st period - Shot Misses the Net.
17:43 of 1st period - Shot by Anze Kopitar.
17:43 of 1st period - Stopped by Jordan Binnington with a rebound.
17:45 of 1st period - Shot by Jake McCabe.
17:45 of 1st period - Shot Blocked by Derek Forbort.
17:47 of 1st period - Shot by Anze Kopitar.
17:47 of 1st period - Stopped by Jordan Binnington without a rebound.
17:48 of 1st period - Pierre-Edouard Bellemare wins face-off versus Mikael Backlund in Kings zone.
18:11 of 1st period - Shot by Rasmus Andersson.
18:11 of 1st period - Stopped by Jordan Binnington without a rebound.
18:12 of 1st period - Anze Kopitar wins face-off versus William Karlsson in Kings zone.
18:19 of 1st period - Shot by Elias Lindholm.
18:19 of 1st period - Stopped by Jordan Binnington without a rebound.
18:20 of 1st period - Yanni Gourde wins face-off versus Nick Bonino in Kings zone.
18:27 of 1st period - Shot by Ben Chiarot.
18:27 of 1st period - Shot Misses the Net.
18:46 of 1st period - Icing by Christopher Tanev.
18:47 of 1st period - Nick Bonino wins face-off versus William Karlsson in Flames zone.
18:47 of 1st period - Nick Bonino is hit by William Karlsson.
19:13 of 1st period - Shot by William Karlsson.
19:13 of 1st period - Stopped by Mackenzie Blackwood without a rebound.
19:14 of 1st period - Mikael Backlund wins face-off versus Yanni Gourde in Flames zone.
19:21 of 1st period - Shot by Shea Weber.
19:21 of 1st period - Shot Misses the Net.
19:23 of 1st period - Shot by Johnny Gaudreau.
19:23 of 1st period - Deflect By Yanni Gourde.
19:23 of 1st period - Shot Misses the Net.
19:28 of 1st period - Minor Penalty to Rasmus Andersson for Hooking.
19:29 of 1st period - William Karlsson wins face-off versus Nick Bonino in Flames zone.
Goals for this period are 0 for Flames vs 3 for Kings.
Shots for this period are 13 for Flames vs 14 for Kings.

2nd period


0:01 of 2nd period - Teddy Blueger wins face-off versus Mark Stone in neutral zone.
1:09 of 2nd period - Shot by Zach Werenski.
1:09 of 2nd period - Stopped by Mackenzie Blackwood without a rebound.
1:10 of 2nd period - William Karlsson wins face-off versus Anze Kopitar in Flames zone.
1:26 of 2nd period - William Karlsson is hit by Jake McCabe and loses puck.
1:41 of 2nd period - Shot by Max Pacioretty.
1:41 of 2nd period - Shot Misses the Net.
2:03 of 2nd period - Shot by David Kampf.
2:03 of 2nd period - Goal by David Kampf - Flames : 0 - Kings : 4.
2:03 of 2nd period - Corey Crawford enters game.
2:04 of 2nd period - Teddy Blueger wins face-off versus Elias Lindholm in neutral zone.
2:30 of 2nd period - Shot by Ryan Nugent-Hopkins.
2:30 of 2nd period - Shot Blocked by Shea Weber.
3:16 of 2nd period - Shot by Scott Mayfield.
3:16 of 2nd period - Shot Misses the Net.
3:22 of 2nd period - Shot by Brock Boeser.
3:22 of 2nd period - Stopped by Corey Crawford without a rebound.
3:23 of 2nd period - Yanni Gourde wins face-off versus Mikael Backlund in Flames zone.
4:32 of 2nd period - Shot by Mike Matheson.
4:32 of 2nd period - Stopped by Jordan Binnington without a rebound.
4:33 of 2nd period - Teddy Blueger wins face-off versus Anze Kopitar in Kings zone.
4:56 of 2nd period - Shot by Paul Stastny.
4:56 of 2nd period - Shot Misses the Net.
5:04 of 2nd period - Matthew Tkachuk is hit by Corey Perry and loses puck.
5:16 of 2nd period - Anze Kopitar is hit by Corey Perry and loses puck.
5:47 of 2nd period - Shot by Elias Lindholm.
5:47 of 2nd period - Shot Misses the Net.
6:07 of 2nd period - Shot by Elias Lindholm.
6:07 of 2nd period - Deflect By Ryan Nugent-Hopkins.
6:07 of 2nd period - Stopped by Jordan Binnington without a rebound.
6:08 of 2nd period - Yanni Gourde wins face-off versus Mikael Backlund in Kings zone.
6:15 of 2nd period - Shot by Yanni Gourde.
6:15 of 2nd period - Shot Misses the Net.
6:30 of 2nd period - Johnny Gaudreau is hit by Rasmus Andersson and loses puck.
6:46 of 2nd period - Shot by Tanner Pearson.
6:46 of 2nd period - Stopped by Corey Crawford without a rebound.
6:47 of 2nd period - Elias Lindholm wins face-off versus William Karlsson in Flames zone.
7:29 of 2nd period - Icing by Ben Chiarot.
7:30 of 2nd period - Yanni Gourde wins face-off versus Mark Stone in Flames zone.
7:45 of 2nd period - Ryan Nugent-Hopkins is hit by Yanni Gourde and loses puck.
7:49 of 2nd period - Off-side.
7:50 of 2nd period - Teddy Blueger wins face-off versus Anze Kopitar in neutral zone.
7:55 of 2nd period - Shot by Teddy Blueger.
7:55 of 2nd period - Shot Misses the Net.
7:57 of 2nd period - Shot by Teddy Blueger.
7:57 of 2nd period - Stopped by Corey Crawford without a rebound.
7:58 of 2nd period - Anze Kopitar wins face-off versus Yanni Gourde in Flames zone.
8:15 of 2nd period - Shot by Paul Stastny.
8:15 of 2nd period - Stopped by Jordan Binnington without a rebound.
8:16 of 2nd period - William Karlsson wins face-off versus Max Pacioretty in Kings zone.
8:25 of 2nd period - Shot by Zdeno Chara.
8:25 of 2nd period - Deflect By Brock Boeser.
8:25 of 2nd period - Stopped by Corey Crawford with a rebound.
8:27 of 2nd period - Shot by William Karlsson.
8:27 of 2nd period - Shot Misses the Net.
8:29 of 2nd period - Shot by Zdeno Chara.
8:29 of 2nd period - Shot Misses the Net.
8:31 of 2nd period - Shot by William Karlsson.
8:31 of 2nd period - Shot Misses the Net.
8:48 of 2nd period - Kyle Connor is hit by Jake McCabe and loses puck.
8:53 of 2nd period - Shot by William Karlsson.
8:53 of 2nd period - Shot Blocked by Mike Matheson.
8:55 of 2nd period - Shot by Kyle Connor.
8:55 of 2nd period - Goal by Kyle Connor - Flames : 0 - Kings : 5.
8:56 of 2nd period - Yanni Gourde wins face-off versus Anze Kopitar in neutral zone.
9:03 of 2nd period - Minor Penalty to Tanner Pearson for Tripping.
9:04 of 2nd period - Pierre-Edouard Bellemare wins face-off versus Anze Kopitar in Kings zone.
9:27 of 2nd period - Shot by Elias Lindholm.
9:27 of 2nd period - Shot Blocked by William Karlsson.
9:29 of 2nd period - Shot by Elias Lindholm.
9:29 of 2nd period - Stopped by Jordan Binnington without a rebound.
9:30 of 2nd period - Mikael Backlund wins face-off versus Pierre-Edouard Bellemare in Kings zone.
10:36 of 2nd period - Shot by Matthew Tkachuk.
10:36 of 2nd period - Stopped by Jordan Binnington with a rebound.
10:50 of 2nd period - Shot by Ryan Nugent-Hopkins.
10:50 of 2nd period - Shot Misses the Net.
10:52 of 2nd period - Shot by Anze Kopitar.
10:52 of 2nd period - Stopped by Jordan Binnington with a rebound.
11:00 of 2nd period - Shot by Matthew Tkachuk.
11:00 of 2nd period - Stopped by Jordan Binnington without a rebound.
11:01 of 2nd period - Mikael Backlund wins face-off versus William Karlsson in Kings zone.
11:06 of 2nd period - Shot by Ben Chiarot.
11:06 of 2nd period - Shot Misses the Net.
11:11 of 2nd period - Icing by Shea Weber.
11:12 of 2nd period - Yanni Gourde wins face-off versus Nick Bonino in Kings zone.
12:23 of 2nd period - William Karlsson is hit by Matthew Tkachuk and loses puck.
12:38 of 2nd period - Shot by Anze Kopitar.
12:38 of 2nd period - Shot Misses the Net.
13:28 of 2nd period - Minor Penalty to Derek Forbort for Tripping.
13:29 of 2nd period - Pierre-Edouard Bellemare wins face-off versus Ryan Nugent-Hopkins in Kings zone.
13:44 of 2nd period - Shot by Elias Lindholm.
13:44 of 2nd period - Goal by Elias Lindholm - Flames : 1 - Kings : 5.
13:45 of 2nd period - Yanni Gourde wins face-off versus Mikael Backlund in neutral zone.
14:07 of 2nd period - Shot by Johnny Gaudreau.
14:07 of 2nd period - Stopped by Corey Crawford with a rebound.
14:10 of 2nd period - Icing by Mikael Backlund.
14:11 of 2nd period - Teddy Blueger wins face-off versus Mikael Backlund in Flames zone.
15:18 of 2nd period - Icing by Zdeno Chara.
15:19 of 2nd period - Yanni Gourde wins face-off versus Elias Lindholm in Kings zone.
15:58 of 2nd period - Yanni Gourde is hit by Elias Lindholm and loses puck.
16:24 of 2nd period - Shot by Paul Stastny.
16:24 of 2nd period - Shot Misses the Net.
16:27 of 2nd period - Minor Penalty to Paul Stastny for Holding.
16:28 of 2nd period - Nick Bonino wins face-off versus Kyle Connor in Flames zone.
16:48 of 2nd period - Shot by Zach Werenski.
16:48 of 2nd period - Shot Misses the Net.
17:02 of 2nd period - Shot by Kyle Connor.
17:02 of 2nd period - Shot Misses the Net.
18:36 of 2nd period - Shot by Paul Stastny.
18:36 of 2nd period - Stopped by Jordan Binnington without a rebound.
18:37 of 2nd period - David Kampf wins face-off versus Mikael Backlund in Kings zone.
18:56 of 2nd period - Max Pacioretty is hit by Ryan Carpenter and loses puck.
19:02 of 2nd period - Icing by Cam Atkinson.
19:03 of 2nd period - Mikael Backlund wins face-off versus Teddy Blueger in Flames zone.
Goals for this period are 1 for Flames vs 2 for Kings.
Shots for this period are 9 for Flames vs 8 for Kings.

3rd period


0:01 of 3rd period - Elias Lindholm wins face-off versus William Karlsson in neutral zone.
0:04 of 3rd period - Zach Werenski is hit by Elias Lindholm and loses puck.
0:38 of 3rd period - Icing by Christopher Tanev.
0:39 of 3rd period - Yanni Gourde wins face-off versus Elias Lindholm in Flames zone.
0:42 of 3rd period - Shot by Johnny Gaudreau.
0:42 of 3rd period - Goal by Johnny Gaudreau - Flames : 1 - Kings : 6.
0:43 of 3rd period - Anze Kopitar wins face-off versus Yanni Gourde in neutral zone.
0:45 of 3rd period - Rasmus Andersson is hit by Tanner Pearson and loses puck.
0:58 of 3rd period - Minor Penalty to Scott Mayfield for Hooking.
0:59 of 3rd period - William Karlsson wins face-off versus Mikael Backlund in Kings zone.
0:59 of 3rd period - William Karlsson is hit by Max Pacioretty.
1:35 of 3rd period - Shot by Mikael Backlund.
1:35 of 3rd period - Shot Misses the Net.
1:37 of 3rd period - Shot by Mike Matheson.
1:37 of 3rd period - Shot Misses the Net.
1:39 of 3rd period - Shot by Mike Matheson.
1:39 of 3rd period - Stopped by Jordan Binnington without a rebound.
1:40 of 3rd period - Anze Kopitar wins face-off versus Pierre-Edouard Bellemare in Kings zone.
1:41 of 3rd period - Shot by Ryan Nugent-Hopkins.
1:41 of 3rd period - Shot Misses the Net.
1:47 of 3rd period - Shot by Ryan Nugent-Hopkins.
1:47 of 3rd period - Stopped by Jordan Binnington without a rebound.
1:48 of 3rd period - William Karlsson wins face-off versus Anze Kopitar in Kings zone.
1:48 of 3rd period - William Karlsson is hit by Elias Lindholm.
1:56 of 3rd period - Shot by William Karlsson.
1:56 of 3rd period - Shot Blocked by Matthew Tkachuk.
2:51 of 3rd period - Off-side.
2:52 of 3rd period - Mikael Backlund wins face-off versus William Karlsson in neutral zone.
3:01 of 3rd period - Shot by Max Pacioretty.
3:01 of 3rd period - Shot Misses the Net.
3:06 of 3rd period - Icing by Shea Weber.
3:07 of 3rd period - Mikael Backlund wins face-off versus Yanni Gourde in Kings zone.
3:33 of 3rd period - Mikael Backlund is hit by Tanner Pearson and loses puck.
4:19 of 3rd period - Shot by William Karlsson.
4:19 of 3rd period - Shot Misses the Net.
4:21 of 3rd period - Shot by Zdeno Chara.
4:21 of 3rd period - Stopped by Corey Crawford without a rebound.
4:22 of 3rd period - David Kampf wins face-off versus Elias Lindholm in Flames zone.
4:23 of 3rd period - Shot by Brock McGinn.
4:23 of 3rd period - Shot Misses the Net.
4:47 of 3rd period - Minor Penalty to Brock McGinn for Tripping.
4:48 of 3rd period - William Karlsson wins face-off versus Mikael Backlund in Kings zone.
4:48 of 3rd period - William Karlsson is hit by Max Pacioretty.
4:57 of 3rd period - Off-side.
4:58 of 3rd period - Pierre-Edouard Bellemare wins face-off versus Anze Kopitar in neutral zone.
5:47 of 3rd period - Shot by Ryan Carpenter.
5:47 of 3rd period - Shot Misses the Net.
6:46 of 3rd period - Shot by Rasmus Andersson.
6:46 of 3rd period - Stopped by Jordan Binnington without a rebound.
6:47 of 3rd period - Yanni Gourde wins face-off versus Matt Calvert in Kings zone.
6:47 of 3rd period - Tanner Pearson is hit by Matt Calvert and loses puck.
6:52 of 3rd period - Shot by Andrew Mangiapane.
6:52 of 3rd period - Shot Misses the Net.
6:54 of 3rd period - Shot by Andrew Mangiapane.
6:54 of 3rd period - Stopped by Jordan Binnington without a rebound.
6:55 of 3rd period - Nick Bonino wins face-off versus Yanni Gourde in Kings zone.
7:06 of 3rd period - Shot by Tanner Pearson.
7:06 of 3rd period - Stopped by Corey Crawford without a rebound.
7:07 of 3rd period - Mikael Backlund wins face-off versus William Karlsson in Flames zone.
7:07 of 3rd period - Mikael Backlund is hit by Brock Boeser.
7:12 of 3rd period - Zdeno Chara beats up Mikael Backlund.
7:12 of 3rd period - Penalty to Zdeno Chara for Fighting.
7:12 of 3rd period - Penalty to Mikael Backlund for Fighting.
7:13 of 3rd period - William Karlsson wins face-off versus Mark Stone in neutral zone.
7:27 of 3rd period - Shot by Mark Stone.
7:27 of 3rd period - Shot Misses the Net.
7:52 of 3rd period - Icing by Mark Stone.
7:53 of 3rd period - Mark Stone wins face-off versus Yanni Gourde in Flames zone.
7:53 of 3rd period - Mark Stone is hit by Tanner Pearson.
7:58 of 3rd period - Noah Hanifin is hit by Tanner Pearson and loses puck.
8:03 of 3rd period - Johnny Gaudreau is hit by Mark Stone and loses puck.
8:30 of 3rd period - Shot by Scott Mayfield.
8:30 of 3rd period - Stopped by Corey Crawford without a rebound.
8:31 of 3rd period - Nick Bonino wins face-off versus Teddy Blueger in Flames zone.
8:56 of 3rd period - Shot by Teddy Blueger.
8:56 of 3rd period - Shot Misses the Net.
8:58 of 3rd period - Shot by Andy Greene.
8:58 of 3rd period - Stopped by Corey Crawford without a rebound.
8:59 of 3rd period - William Karlsson wins face-off versus Matthew Tkachuk in Flames zone.
9:00 of 3rd period - Shot by Brock Boeser.
9:00 of 3rd period - Shot Misses the Net.
9:02 of 3rd period - Shot by Kyle Connor.
9:02 of 3rd period - Shot Misses the Net.
9:04 of 3rd period - Shot by Zach Werenski.
9:04 of 3rd period - Stopped by Corey Crawford without a rebound.
9:05 of 3rd period - Elias Lindholm wins face-off versus William Karlsson in Flames zone.
9:05 of 3rd period - Mark Stone is hit by William Karlsson and loses puck.
9:28 of 3rd period - Shot by Ryan Nugent-Hopkins.
9:28 of 3rd period - Stopped by Jordan Binnington without a rebound.
9:29 of 3rd period - Anze Kopitar wins face-off versus Yanni Gourde in Kings zone.
9:35 of 3rd period - Icing by Johnny Gaudreau.
9:36 of 3rd period - Yanni Gourde wins face-off versus Anze Kopitar in Kings zone.
10:01 of 3rd period - Shot by Johnny Gaudreau.
10:01 of 3rd period - Shot Misses the Net.
10:03 of 3rd period - Shot by Derek Forbort.
10:03 of 3rd period - Stopped by Corey Crawford with a rebound.
10:41 of 3rd period - Shot by Brock Boeser.
10:41 of 3rd period - Shot Hit the Post.
11:06 of 3rd period - Kyle Connor is hit by Ben Chiarot and loses puck.
11:30 of 3rd period - David Kampf is hit by Ben Chiarot and loses puck.
11:36 of 3rd period - David Kampf is hit by Christopher Tanev and loses puck.
11:56 of 3rd period - Shot by David Kampf.
11:56 of 3rd period - Shot Misses the Net.
11:58 of 3rd period - Shot by Scott Mayfield.
11:58 of 3rd period - Shot Misses the Net.
12:28 of 3rd period - Minor Penalty to Christopher Tanev for Hooking.
12:29 of 3rd period - William Karlsson wins face-off versus Anze Kopitar in Flames zone.
12:29 of 3rd period - William Karlsson is hit by Jake McCabe.
12:33 of 3rd period - Shot by Johnny Gaudreau.
12:33 of 3rd period - Stopped by Corey Crawford with a rebound.
12:35 of 3rd period - Shot by Kyle Connor.
12:35 of 3rd period - Stopped by Corey Crawford without a rebound.
12:36 of 3rd period - Anze Kopitar wins face-off versus Teddy Blueger in Flames zone.
13:34 of 3rd period - Shot by Johnny Gaudreau.
13:34 of 3rd period - Shot Misses the Net.
13:36 of 3rd period - Shot by Shea Weber.
13:36 of 3rd period - Deflect By Kyle Connor.
13:36 of 3rd period - Shot Blocked by Jake McCabe.
14:02 of 3rd period - Shot by Kyle Connor.
14:02 of 3rd period - Shot Blocked by Jake McCabe.
15:42 of 3rd period - Matt Calvert is hit by Ryan Carpenter and loses puck.
16:18 of 3rd period - Shot by Teddy Blueger.
16:18 of 3rd period - Stopped by Corey Crawford without a rebound.
16:19 of 3rd period - William Karlsson wins face-off versus Elias Lindholm in Flames zone.
16:27 of 3rd period - Elias Lindholm is hit by William Karlsson and loses puck.
16:38 of 3rd period - Shot by William Karlsson.
16:38 of 3rd period - Shot Misses the Net.
17:02 of 3rd period - Shot by Brock Boeser.
17:02 of 3rd period - Shot Misses the Net.
17:09 of 3rd period - Icing by Mike Matheson.
17:10 of 3rd period - Yanni Gourde wins face-off versus Elias Lindholm in Flames zone.
18:08 of 3rd period - Shot by Teddy Blueger.
18:08 of 3rd period - Stopped by Corey Crawford with a rebound.
18:52 of 3rd period - Shot by Brock Boeser.
18:52 of 3rd period - Deflect By Kyle Connor.
18:52 of 3rd period - Stopped by Corey Crawford without a rebound.
18:53 of 3rd period - William Karlsson wins face-off versus Mikael Backlund in Flames zone.
19:10 of 3rd period - Shot by Kyle Connor.
19:10 of 3rd period - Shot Misses the Net.
19:12 of 3rd period - Shot by William Karlsson.
19:12 of 3rd period - Shot Misses the Net.
19:14 of 3rd period - Shot by Kyle Connor.
19:14 of 3rd period - Stopped by Corey Crawford with a rebound.
19:16 of 3rd period - Shot by Kyle Connor.
19:16 of 3rd period - Shot Misses the Net.
19:18 of 3rd period - Shot by Scott Mayfield.
19:18 of 3rd period - Stopped by Corey Crawford without a rebound.
19:19 of 3rd period - Anze Kopitar wins face-off versus Yanni Gourde in Flames zone.
19:32 of 3rd period - Shot by Matthew Tkachuk.
19:32 of 3rd period - Shot Blocked by Shea Weber.
19:34 of 3rd period - Shot by Noah Hanifin.
19:34 of 3rd period - Stopped by Jordan Binnington without a rebound.
19:35 of 3rd period - Max Pacioretty wins face-off versus William Karlsson in Kings zone.
19:44 of 3rd period - Icing by Christopher Tanev.
19:45 of 3rd period - Mikael Backlund wins face-off versus Yanni Gourde in Flames zone.
19:51 of 3rd period - Off-side.
19:52 of 3rd period - William Karlsson wins face-off versus Anze Kopitar in neutral zone.
Goals for this period are 0 for Flames vs 1 for Kings.
Shots for this period are 6 for Flames vs 14 for Kings.